 Dungeon Crawl Stone Soup version 0.31-a0-331-geda263fcf1 (webtiles) character file.

Game seed: 4103566644595636766

165 mopl the Changeling (level 5, -5/35 HPs)
             Began as an Octopode Shapeshifter on July 19, 2023.
             Slain by an orc
             ... wielding a +0 club
              (6 damage)
             ... on level 3 of the Dungeon.
             The game lasted 00:01:54 (1783 turns).

mopl the Changeling (Octopode Shapeshifter)         Turns: 1783, Time: 00:01:54

Health: -5/35      AC:  1    Str: 15    XL:     5   Next: 46%
Magic:  5/5        EV: 13    Int: 10    God:
Gold:   144        SH:  0    Dex: 14    Spells: 4/4 levels left

rFire   . .          .
                       - Unarmed
rCold   . . .        (no shield)
rNeg    . . .        (helmet currently unavailable)
rPois   .            (no amulet)
rElec   .            k - ring of flight
rCorr   .            (no ring)
SInv    .            (no ring)
Will    .....        (no ring)
Stlth   ++           (no ring)
HPRegen 0.25/turn    (no ring)
MPRegen 0.09/turn    (no ring)
                     (no ring)

%: no passive effects
@: beast-form, flying
A: beast (slay +2), almost no armour, amphibious, 8 rings, camouflage 1,
gelatinous body 1, (nimble swimmer 1), tentacles
a: Begin Untransformation


You were on level 3 of the Dungeon.
You were a hulking beast.
You visited 1 branch of the dungeon, and saw 3 of its levels.

You collected 144 gold pieces.

Inventory:

Hand Weapons
 o - a +1 glaive of venom
Missiles
 e - 5 boomerangs (quivered)
Jewellery
 k - a ring of flight (left tentacle)
Talismans
 b - a beast talisman
Wands
 r - a wand of charming (4)
Scrolls
 c - 2 scrolls of fog {unknown}
 d - a scroll of teleportation {unknown}
 g - 3 scrolls of noise {unknown}
 h - a scroll of enchant weapon {unknown}
 i - a scroll of enchant armour {unknown}
 l - 3 scrolls of identify {unknown}
 m - a scroll of amnesia {unknown}
 n - a scroll of acquirement {unknown}
 p - a scroll of silence {unknown}
Potions
 a - 2 potions of lignification {!q}
 f - 2 potions of enlightenment {unknown}
 j - a potion of heal wounds {unknown}
 q - a potion of resistance {unknown}
 s - a potion of haste {unknown}


   Skills:
 + Level 2.7 Fighting
 + Level 2.7 Dodging
 * Level 3.5 Unarmed Combat
 * Level 3.9 Shapeshifting


You had 4 spell levels left.
You didn't know any spells.
Your spell library contained the following spells:

 Spells                   Type           Power      Damage    Failure   Level
 Summon Small Mammal      Summ           0%         N/A       36%         1
 Call Canine Familiar     Summ           0%         N/A       75%         3
 Summon Guardian Golem    Hex/Summ       0%         N/A       75%         3


Dungeon Overview and Level Annotations

Branches:
Dungeon (3/15)

Altars:

Annotations:
D:3 exclusion: 2 doors


Innate Abilities, Weirdness & Mutations

You are a hulking beast.
Your limbs bulge with bestial killing power. (Slay +2)
You cannot wear most types of armour.
You are amphibious.
You can wear up to eight rings at the same time.
Your skin changes colour to match your surroundings (Stealth+).
Your rubbery body absorbs attacks. (AC +1, EV +1)
((You are camouflaged when in or above water. (Stealth+)))
You have tentacles for arms and can constrict up to eight enemies at once.


Message History

You tentacle-slap the orc. You squeeze the orc.
You kill the orc!
The orc hits you with a +0 dagger. The orc closely misses you.
You tentacle-slap the orc but do no damage.
You grab the orc.
You constrict the orc, but do no damage.
The orc hits you with a +0 dagger. The orc hits you with a +0 club.
You are too injured to fight recklessly!
You are too injured to fight recklessly!
You are too injured to fight recklessly!
You are too injured to fight recklessly!
You are too injured to fight recklessly!
You are too injured to fight recklessly!
You are too injured to fight recklessly!
You are too injured to fight recklessly!
You are too injured to fight recklessly!
You are too injured to fight recklessly!
You are too injured to fight recklessly!
You are too injured to fight recklessly!
You tentacle-slap the orc but do no damage.
You constrict the orc, but do no damage.
The orc hits you with a +0 dagger. The orc hits you with a +0 club.
You tentacle-slap the orc but do no damage.
You grab the orc.
You constrict the orc, but do no damage. x2
The orc completely misses you. The orc hits you with a +0 club.
* * * LOW HITPOINT WARNING * * *
The orc misses you.
You tentacle-slap the orc. Your grab misses the orc.
The orc is moderately wounded.
You constrict the orc, but do no damage.
You constrict the orc. The orc hits you with a +0 dagger.
* * * LOW HITPOINT WARNING * * *
The orc misses you. The orc closely misses you.
You bludgeon the orc!
You kill the orc!
You constrict the orc. x2; The orc hits you with a +0 dagger.
* * * LOW HITPOINT WARNING * * *
The orc hits you with a +0 club.
You die...

......#.....###...########>....##
............# #...# ##...##
......#.###.# #...# ##.#
.####...# #.############ .# .#
##..# #............# #
###....########........#
...........####........#
...#####.#...##..<.....# ...#
#..........ho...#.# ...#
#.......##.)o.....#
...###.....<.##......##.
.............##......#
...###.......##........ #..#
#.......#########.#
##.###.......## ..
.....).)........
......)).........


You could see 2 orcs.

Vanquished Creatures
  A hound (D:3)
  2 orc wizards (D:3)
  An adder (D:2)
  A worm (D:2)
  2 dart slugs
  6 orcs (D:3)
  6 endoplasms
  3 giant cockroaches (D:3)
  12 hobgoblins
  A quokka (D:1)
  3 bats
  2 frilled lizards (D:2)
  14 goblins
  A kobold (D:3)
  6 rats
61 creatures vanquished.

Notes
Turn   | Place    | Note
-------+----------+-------------------------------------------
     0 | D:1      | mopl the Octopode Shapeshifter began the quest for the Orb.
     0 | D:1      | Reached XP level 1. HP: 14/14 MP: 1/1
   231 | D:1      | Reached XP level 2. HP: 19/19 MP: 2/2
   626 | D:1      | Reached XP level 3. HP: 23/24 MP: 3/3
   996 | D:2      | Found a faded altar of an unknown god.
  1189 | D:2      | Reached XP level 4. HP: 30/30 MP: 4/4
  1397 | D:3      | Reached skill level 3 in Unarmed Combat
  1437 | D:3      | Reached XP level 5. HP: 33/35 MP: 5/5
  1783 | D:3      | HP: 1/35 [orc/+0 dagger (3)]
  1783 | D:3      | Slain by an orc

Illustrated notes

Levels and vault maps discovered:
D:1:      lightli_arrival_quake, layout_loops_corners
D:2:      layout_basic, shapermc_ecumenical_altar_ellora
D:3:      minmay_goblin_kobold_castle, layout_rooms, interstate_on_off,
          st_stairs_7, serial_bayou_pond_c

Skill      XL: |  1  2  3  4 |
---------------+-------------+-----
Unarmed Combat | 3 |  3.5
Fighting       | |  2.7
Dodging        | |  2.7
Shapeshifting  | |  3.9

Action                     |  1- 3 |  4- 6 || total
---------------------------+-------+-------++-------
  Melee: Unarmed           |    66 |    45 ||   111
         Tentacles         |     6 |    13 ||    19
         Constrict         |    14 |    17 ||    31
         Punch             |     1 |     1 ||     2
   Stab: Sleeping          |     9 |     2 ||    11
 Armour: Skin              |     3 |     1 ||     4
  Dodge: Dodged            |    23 |    30 ||    53

Table legend: (Time is in decaauts)
 A = Elapsed time spent in this place.
 B = Non-inter-level travel time spent in this place.
 C = Inter-level travel time spent in this place.
 D = Time resting spent in this place.
 E = Time spent auto-exploring this place.
 F = Levels seen in this place.
 G = Mean time per level.
                   A        B        C        D        E       F      G
               +--------+--------+--------+--------+--------+-----+--------+
         Total |   1776 |   1729 |     47 |    141 |   1249 |   3 |  592.0 |
       Dungeon |   1776 |   1729 |     47 |    141 |   1249 |   3 |  592.0 |
               +--------+--------+--------+--------+--------+-----+--------+

Top non-repeatable levels by time:
     D:1: 750 daAuts
     D:2: 537 daAuts
     D:3: 488 daAuts
